 Dungeon Crawl Stone Soup version 0.13-a0-2156-ga9a2eb8 (webtiles) character file.

304 Kae the Chiller (level 5, 0/28 HPs)
             Began as a Deep Elf Ice Elementalist on June 30, 2013.
             Slain by Grinder (5 damage)
             ... on Level 3 of the Dungeon.
             The game lasted 00:05:10 (2855 turns).

Kae the Chiller (Deep Elf Ice Elementalist)         Turns: 2855, Time: 00:05:10

HP   0/28        AC  4     Str  6      XL: 5   Next: 27%
MP   3/15        EV 13     Int 19      God:
Gold 132         SH  0     Dex 15      Spells:  4 memorised,  0 levels left

Res.Fire  : + . .   See Invis. : .   (no weapon)
Res.Cold  : + . .   Warding    : .   a - +0 elf robe
Life Prot.: . . .   Conserve   : .   (no shield)
Res.Poison: +       Res.Corr.  : .   j - +1 dwarf spiked helmet
Res.Elec. : +       Clarity    : .   (no cloak)
Sust.Abil.: . .     Spirit.Shd : .   (no gloves)
Res.Mut.  : .       Stasis     : .   (no boots)
Res.Rott. : .       Flight     : .   (no amulet)
Saprovore : . . .                    (no ring)
                                     (no ring)

@: slightly resistant to hostile enchantments, fairly stealthy
A: herbivore 1, Int -1
a: no special abilities


You were on level 3 of the Dungeon.
You were hungry.

You visited 1 branch of the dungeon, and saw 3 of its levels.

You collected 112 gold pieces.

Inventory:

Armour
 a - a +0 elven robe (worn)
 j - a +1 dwarven spiked helmet (worn)
Comestibles
 c - 4 bread rations
 k - 2 meat rations
 n - a rotting chunk of rat flesh
 o - a rotting chunk of adder flesh
 p - a rotting chunk of worm flesh
 q - a rotting chunk of bat flesh
Scrolls
 e - 4 scrolls of recharging {unknown}
 i - 2 scrolls of identify
Jewellery
 g - an uncursed amulet of the gourmand
 m - an uncursed ring of magical power {unknown}
 s - an uncursed ring of life protection {unknown}
Books
 b - a book of Frost

   Spells                             Type                      Level
   *Freeze                            Ice                          1
   *Throw Frost                       Conjuration/Ice              2
   *Ozocubu's Armour                  Charms/Ice                   3
   *Throw Icicle                      Conjuration/Ice              4
   Summon Ice Beast                   Ice/Summoning                4
   Condensation Shield                Ice                          4


   Skills:
 - Level 2.6 Dodging
 - Level 2.5 Stealth
 + Level 3.1 Spellcasting
 * Level 3.5 Conjurations
 * Level 4.9 Ice Magic


You couldn't memorise any spells.
You knew the following spells:

 Your Spells              Type           Power        Failure   Level  Hunger
a - Freeze                Ice            ###.         1%          1    None
b - Throw Frost           Conj/Ice       ###...       4%          2    ##.....
c - Throw Icicle          Conj/Ice       ###.....     28%         4    ####...
d - Ozocubu's Armour      Chrm/Ice       ##........   17%         3    ###....


Dungeon Overview and Level Annotations

Branches:
Dungeon (3/27)

Altars:
Ashenzari

Annotations
D:3 Grinder


Innate Abilities, Weirdness & Mutations

You are dopey (Int -1).
You digest meat inefficiently.


Message History

You writhe in agony.
* * * LOW HITPOINT WARNING * * *
Casting: Throw Icicle
Confirm with . or Enter, or press ? or * to list all spells.
Aiming: Throw Icicle
Press: ? - help, Shift-Dir - straight line, f/p - Grinder
Aim: Grinder (lightly wounded)
The shard of ice hits Grinder.
Grinder partially resists.
Grinder is moderately wounded.
Grinder misses you.
Unknown command.
Casting: Throw Icicle
Confirm with . or Enter, or press ? or * to list all spells.
Aiming: Throw Icicle
Press: ? - help, Shift-Dir - straight line, f/p - Grinder
Aim: Grinder (moderately wounded)
The shard of ice hits Grinder.
Grinder partially resists.
Grinder is moderately wounded.
Grinder hits you.
You die...

#5# #...#_'....# #.#
#...#####..# #.#
#......#..## ####'####
##.....#.## ##
#.......#
#.....#..###..+
#.>.....#
###..%#..#...#
#.......# ######..(...#
#.......###..(.((...###
#.....%.'5@[####....#
#.......##### #....#
####'#### ##.### #.###
#..# #...# ###'##
#####'### #....#
#.(.....# #....#
#.......# ###....#
#.......#
##.'..).#######


You could see Grinder.

Vanquished Creatures
  An orc priest (D:3)
  7 adders
  2 worms (D:3)
  2 giant geckos
  4 orcs (D:3)
  7 bats
  11 goblins
  7 hobgoblins
  2 jackals (D:1)
  2 quokkas
  A ball python (D:2)
  2 giant cockroaches (D:1)
  5 giant newts
  7 kobolds
  11 rats
71 creatures vanquished.

Vanquished Creatures (others)
  An orc (D:3)
  A giant newt (D:2)
  A kobold (D:1)
  A rat (D:2)
4 creatures vanquished.

Grand Total: 75 creatures vanquished

Notes
Turn   | Place    | Note
--------------------------------------------------------------
     0 | D:1      | Kae, the Deep Elf Ice Elementalist, began the quest for the Orb.
     0 | D:1      | Reached XP level 1. HP: 10/10 MP: 4/4
   155 | D:1      | Reached XP level 2. HP: 7/15 MP: 3/6
   169 | D:1      | Learned a level 2 spell: Throw Frost
   346 | D:1      | Reached skill level 4 in Ice Magic
   758 | D:1      | Reached XP level 3. HP: 13/19 MP: 4/9
  1321 | D:2      | Reached XP level 4. HP: 16/24 MP: 9/12
  1747 | D:2      | Learned a level 4 spell: Throw Icicle
  2491 | D:3      | Reached XP level 5. HP: 25/28 MP: 15/15
  2502 | D:3      | Learned a level 3 spell: Ozocubu's Armour
  2678 | D:3      | Found a shattered altar of Ashenzari.
  2811 | D:3      | Noticed Grinder
  2836 | D:3      | Paralysed by Grinder for 6 turns
  2848 | D:3      | Gained mutation: You digest meat inefficiently. [potion of mutation]
  2848 | D:3      | Gained mutation: You are dopey (Int -1). [potion of mutation]
  2849 | D:3      | Paralysed by Grinder for 4 turns
  2855 | D:3      | Slain by Grinder

Action                   |  1- 3 |  4- 6 || total
-------------------------+-------+-------++-------
Melee: Unarmed           |    17 |    15 ||    32
 Cast: Freeze            |    68 |    47 ||   115
       Throw Frost       |       |     9 ||     9
       Throw Icicle      |       |     3 ||     3
  Use: Potion            |       |     4 ||     4
       Scroll            |       |     3 ||     3
 Stab: Sleeping          |     4 |     2 ||     6
